 Dungeon Crawl Stone Soup version 0.27-a0-1245-g940ed4fa31 (webtiles) character file.

Game seed: 1373260337340858330

2085 Mesmaeker13 the Caller (level 9, 0/57 HPs)
             Began as a Mummy Summoner on June 9, 2021.
             Was a Follower of Sif Muna.
             Splashed by a kobold's acid (17 damage)
             ... on level 8 of the Dungeon.
             The game lasted 00:27:44 (12379 turns).

Mesmaeker13 the Caller (Mummy Summoner)            Turns: 12379, Time: 00:27:45

Health: 0/57       AC:  6    Str: 11    XL:     9   Next: 6%
Magic:  7/15       EV: 17    Int: 17    God:    Sif Muna [*.....]
Gold:   120        SH:  0    Dex: 13    Spells: 7/16 levels left

rFire    . . .     SeeInvis .   m - +1 trident (vamp)
rCold    + . .     Faith    +   (no shield)
rNeg     + + +     Spirit   .   A - +0 steam dragon scales
rPois    ∞         Reflect  .   B - +0 helmet
rElec    .         Harm     .   p - +0 cloak
rCorr    .         Rampage  .   y - +0 pair of gloves
Will     +....                  s - +0 pair of boots
Stlth    ++........             j - amulet of faith
HPRegen  0.19/turn              c - +4 ring of evasion
MPRegen  0.14/turn              d - ring of protection from fire

@: corroded
A: cold resistance 1, negative energy resistance 3, torment resistance 2, heat
vulnerability 1, no potions
a: Renounce Religion, Channel Magic


You were on level 8 of the Dungeon.
You worshipped Sif Muna.
Sif Muna was aware of your devotion.
You visited 2 branches of the dungeon, and saw 9 of its levels.

You collected 269 gold pieces.
You spent 149 gold pieces at shops.

Inventory:

Hand Weapons
 m - a +1 vampiric trident (weapon)
 o - a +2 hunting sling of flaming
 u - a +2 whip of electrocution
Missiles
 i - 51 poisoned darts (quivered)
 q - 3 throwing nets
 t - 13 sling bullets
 C - 2 boomerangs of dispersal
Armour
 p - a +0 cloak (worn)
 s - a +0 pair of boots (worn)
 w - a +1 leather armour of cold resistance
 y - a +0 pair of gloves (worn)
 A - +0 steam dragon scales (worn)
 B - a +0 helmet (worn)
Jewellery
 c - a +4 ring of evasion (left hand)
 d - a ring of protection from fire (right hand)
 f - a ring of flight
 j - an amulet of faith (around neck)
Wands
 b - a wand of paralysis (9)
 v - a wand of digging (6)
Scrolls
 a - a scroll of enchant armour {unknown}
 e - 2 scrolls of fog
 g - 2 scrolls of fear
 h - a scroll of acquirement {unknown}
 k - 2 scrolls of blinking
 l - 2 scrolls of torment
 n - 4 scrolls of teleportation
 r - a scroll of holy word {unknown}
 x - a scroll of immolation {unknown}
 z - a scroll of magic mapping


   Skills:
 - Level 3.0 Armour
 + Level 4.9 Dodging
 - Level 1.5 Stealth
 - Level 4.1 Spellcasting
 + Level 6.6 Summonings
 + Level 5.1 Ice Magic


You had 7 spell levels left.
You knew the following spells:

 Your Spells              Type           Power      Damage    Failure   Level
b - Call Imp              Summ           26%        N/A       1%          2
c - Summon Ice Beast      Ice/Summ       23%        N/A       14%         4
d - Call Canine Familiar  Summ           26%        N/A       3%          3

Your spell library contained the following spells:

 Spells                   Type           Power      Damage    Failure   Level
 Summon Small Mammal      Summ           100%       N/A       1%          1
 Summon Guardian Golem    Hex/Summ       14%        N/A       12%         3
 Magic Dart               Conj           12%        1d3       16%         1
 Blink                    Tloc           N/A        N/A       24%         2
 Slow                     Hex            3%         N/A       24%         2
 Summon Lightning Spire   Summ/Air       14%        N/A       36%         4
 Conjure Flame            Conj/Fire      3%         6-21      43%         3
 Mephitic Cloud           Conj/Pois/Air  3%         N/A       43%         3


Dungeon Overview and Level Annotations

Branches:
Dungeon (8/15)             Temple (1/1) D:4
   Lair: D:8-11

Altars:
Fedhas
Kikubaaqudgha
Makhleb
Okawaru
Sif Muna
Vehumet
Wu Jian
Zin

Shops:
D:6 *((?=

Annotations:
D:3 3 runed translucent doors, MoonlitKnight's ghost, amateur MiFi
D:4 1 exclusion, Pikel
D:5 Eustachio
D:7 Duvessa; Harold


Innate Abilities, Weirdness & Mutations

You are immune to poison.
Your flesh is cold resistant. (rC+)
You are immune to negative energy. (rN+++)
You are immune to unholy pain and torment.
You are vulnerable to heat. (rF-)
You do not drink.


Message History

Your hound looks even sicker.
The kobold hits your hound with a +0 club.
Your hound barely misses the kobold brigand.
Your crimson imp barely misses the kobold.
You reach to attack!
You closely miss the kobold brigand.
The kobold brigand is moderately wounded.
Your white imp hits the kobold brigand.
Your white imp freezes the kobold brigand.
Your hound misses the kobold brigand.
The kobold brigand throws a poisoned dart.
The poisoned dart misses your hound. The poisoned dart hits you!
The kobold closely misses your white imp.
The kobold misses your hound.
Your crimson imp closely misses the kobold.
Your white imp closely misses the kobold brigand.
Your hound completely misses the kobold brigand.
The kobold brigand hits your hound with a +0 whip.
Your hound dies!
Your hound's corpse disappears in a puff of smoke!
Unknown command.
Casting: Call Imp (safe; 1% risk of failure)
Confirm with . or Enter, or press ? or * to list all spells.
The kobold zaps a wand.
The bolt of acid hits your white imp!
Your white imp is splashed with acid!
The acid corrodes your white imp!
Your white imp dies!
The bolt of acid hits you!
You are splashed with acid!
Your crimson imp closely misses the kobold.
You barely miss the kobold brigand.
The kobold brigand is heavily wounded.
The kobold barely misses you.
Your crimson imp hits the kobold.
The kobold brigand completely misses you.
Your hound barely misses the kobold.
You closely miss the kobold brigand.
The kobold brigand is heavily wounded.
The kobold brigand closely misses you.
The kobold hits your hound but does no damage.
The kobold zaps a wand.
The bolt of acid hits you!
* * * LOW HITPOINT WARNING * * *
The acid corrodes you!
You are splashed with acid!
You die...

###.#........ ###..#.
#.#......#.. #..###.
#.#......#....#. ###..#..
#)#.............##..###y#
#####........#....#.###..#..#
#...................#..###.##
#####.......K##...#.#...'y.#
######....5Kh.....#.##.######
#....'...).K@K..........y....
######...).....#..#.###.#####
#...........'.............
#######.....#..#.###.#....
#.....#.............
#.....#..#.###.#....
#....##........#....
#....##.##.###.#....
................#....


You could see a kobold brigand (ally target), 3 kobolds, a friendly hound
(summoned) and a friendly crimson imp (summoned).

Vanquished Creatures
  A steam dragon (D:6)
  A sky beast (D:8)
  3 ice beasts (D:6)
  A black bear (D:7)
  A hornet zombie (D:5)
  2 centaurs
  A phantom (D:4)
  A bullfrog (D:8)
  A wyvern zombie (D:6)
  A scorpion (D:5)
  A bullfrog zombie (D:5)
  A centaur zombie (D:5)
  A bullfrog skeleton (D:6)
  An iguana (D:4)
  An orc wizard (D:6)
  7 gnolls
  A howler monkey skeleton (D:5)
  3 adders
  2 worms
  A dart slug (D:1)
  13 orcs
  3 endoplasms (D:3)
  5 goblins
  4 hobgoblins
  4 quokkas
  A bat (D:3)
  2 frilled lizards
  4 kobolds
  A rat (D:1)
69 creatures vanquished.

Vanquished Creatures (collateral kills)
  Grinder (D:4)
  2 wyverns (D:8)
  Edmund (D:5)
  An orc warrior (D:6)
  An ogre (D:7)
  Blork the orc (D:4)
  2 bullfrogs (D:8)
  A scorpion (D:5)
  2 orc priests (D:7)
  A hound (D:3)
  A centaur zombie (D:5)
  2 jellies
  Crazy Yiuf (D:5)
  A centaur skeleton (D:7)
  A gnoll shaman (D:5)
  A bullfrog skeleton (D:4)
  2 iguanas
  An orc wizard (D:6)
  3 adders (D:3)
  A shadow imp (D:7)
  3 worms (D:2)
  2 dart slugs
  5 orcs
  2 ball pythons (D:2)
  5 bats
  2 endoplasms
  2 giant cockroaches
  2 hobgoblins
  2 jackals (D:2)
  2 quokkas
  2 frilled lizards (D:1)
  3 goblins
  4 kobolds
  2 rats
65 creatures vanquished.

Grand Total: 134 creatures vanquished

Notes
Turn   | Place    | Note
-------+----------+-------------------------------------------
     0 | D:1      | Mesmaeker13 the Mummy Summoner began the quest for the Orb.
     0 | D:1      | Reached XP level 1. HP: 13/13 MP: 4/4
   707 | D:1      | Reached XP level 2. HP: 19/19 MP: 3/6
  1640 | D:1      | Learned a level 2 spell: Call Imp
  2076 | D:2      | Found a faded altar of an unknown god.
  2095 | D:2      | Reached XP level 3. HP: 24/24 MP: 1/7
  3145 | D:3      | Reached XP level 4. HP: 30/30 MP: 9/9
  3495 | D:3      | Found a runed translucent gate.
  3495 | D:3      | Found a runed translucent gate.
  3495 | D:3      | Found a runed translucent gate.
  3589 | D:3      | Noticed a kobold brigand
  3589 | D:3      | Noticed MoonlitKnight's ghost (amateur MiFi)
  3771 | D:3      | Learned a level 4 spell: Summon Ice Beast
  3797 | D:4      | Noticed Blork the orc
  3840 | D:4      | Noticed Grinder
  3841 | D:4      | Noticed a nameless horror
  3841 | D:4      | Noticed Pikel
  4130 | D:4      | Killed Blork the orc
  4131 | D:4      | Reached skill level 4 in Summonings
  4131 | D:4      | Reached XP level 5. HP: 26/35 MP: 5/11
  4137 | D:4      | Learned a level 3 spell: Call Canine Familiar
  4373 | D:4      | Paralysed by Grinder for 4 turns
  4374 | D:4      | Killed Grinder
  4375 | D:4      | Reached skill level 1 in Ice Magic
  4375 | D:4      | Reached XP level 6. HP: 36/41 MP: 8/12
  4788 | D:4      | Found a blossoming altar of Fedhas.
  5150 | D:4      | Found a staircase to the Ecumenical Temple.
  5156 | Temple   | Entered the Ecumenical Temple
  5165 | Temple   | Became a worshipper of Sif Muna the Loreminder
  5231 | D:5      | Entered Level 5 of the Dungeon
  5291 | D:5      | Noticed Edmund
  5314 | D:5      | Killed Edmund
  5315 | D:5      | Reached XP level 7. HP: 38/46 MP: 2/13
  5451 | D:5      | Reached skill level 5 in Summonings
  5867 | D:5      | Noticed Eustachio
  6256 | D:5      | Reached skill level 1 in Armour
  6601 | D:5      | Found a runed translucent door.
  6602 | D:5      | Noticed Crazy Yiuf
  6619 | D:5      | Killed Crazy Yiuf
  7405 | D:6      | Reached XP level 8. HP: 47/52 MP: 11/14
  7460 | D:6      | Found an iron altar of Okawaru.
  7526 | D:6      | Found Vempegg's General Store.
  7921 | D:6      | Reached * piety under Sif Muna
  7987 | D:6      | Found Ixuhin's Magic Scroll Boutique.
  8203 | D:6      | Reached skill level 6 in Summonings
  8256 | D:6      | Found Tofuitui's Jewellery Shoppe.
  8323 | D:6      | Found Saczargh's Weapon Boutique.
  8725 | D:6      | Found Janitada's Antique Weapon Emporium.
  8729 | D:6      | Bought a glowing trident for 149 gold pieces
  9118 | D:7      | Noticed Harold
 10347 | D:7      | Found a radiant altar of Vehumet.
 10774 | D:7      | Noticed Duvessa
 12089 | D:8      | Reached skill level 5 in Ice Magic
 12246 | D:8      | Reached XP level 9. HP: 57/57 MP: 11/15
 12379 | D:8      | Splashed by a kobold's acid

Illustrated notes

Levels and vault maps discovered:
D:1:      lemuel_arrival_cross, layout_basic, minmay_misc_feat_tiny
D:2:      layout_rooms, hellmonk_ecumenical_altar_pennies_from_heaven,
          st_stairs_6
D:3:      layout_loops_ring, gammafunk_ghost_nasty_kobolds,
          minmay_fractal_squares_gapless_5
D:4:      layout_basic, kennysheep_little_box, minmay_temple_entry_fiery,
          kennysheep_nub, nrook_campfire, uniq_blork_the_orc, uniq_grinder,
          uniq_pikel
D:5:      layout_loops_ring, chequers_mini_garden, corexii_checkpoint_a,
          uniq_crazy_yiuf_cottage, uniq_eustachio, uniq_edmund
D:6:      layout_basic, old_standard_altar, serial_shops, shop,
          nicolae_shop_stone, shop, nicolae_shop_crystal, shop
D:7:      layout_loops_ring, lemuel_round_altar, uniq_harold, uniq_duvessa
D:8:      minmay_razor_zed, layout_basic,
          pdpol_temple_overflow_zin_treasury_gozag_greed
Temple:   compressed_dpeg_circular_temple

Skill      XL: |  1  2  3  4  5  6  7  8 |
---------------+-------------------------+-----
Spellcasting   | 3 4 |  4.1
Dodging        | 2 3 4 |  4.9
Summonings     | 4 5 6 |  6.6
Ice Magic      | 1 2 3 5 |  5.1
Armour         | 2 3 |  3.0
Stealth        | |  1.5

Action                   |  1- 3 |  4- 6 |  7- 9 || total
-------------------------+-------+-------+-------++-------
Melee: Club              |    22 |       |       ||    22
       Unarmed           |     5 |       |       ||     5
       Short sword       |     9 |       |       ||     9
       Dagger            |    29 |    27 |       ||    56
       Whip              |       |    50 |    72 ||   122
       Flail             |       |       |    49 ||    49
       Spear             |       |       |    14 ||    14
       Trident           |       |       |    96 ||    96
Throw: Dart              |     5 |       |       ||     5
 Cast: Summon Small Mamm |    25 |     1 |       ||    26
       Call Imp          |    27 |    14 |    50 ||    91
       Summon Ice Beast  |       |     2 |     4 ||     6
       Call Canine Famil |       |    11 |    44 ||    55
Evoke: Wand              |       |       |     2 ||     2
  Use: Scroll            |     1 |     4 |     5 ||    10
 Stab: Distracted        |     2 |       |     8 ||    10
       Sleeping          |     3 |     3 |       ||     6
Armor: Robe              |    19 |    12 |       ||    31
       Leather armour    |       |       |    30 ||    30
       Steam dragon scal |       |       |    26 ||    26
Dodge: Dodged            |   105 |    66 |   237 ||   408

Table legend: (Time is in decaauts)
 A = Elapsed time spent in this place.
 B = Non-inter-level travel time spent in this place.
 C = Inter-level travel time spent in this place.
 D = Time resting spent in this place.
 E = Time spent auto-exploring this place.
 F = Levels seen in this place.
 G = Mean time per level.
                   A        B        C        D        E       F      G
               +--------+--------+--------+--------+--------+-----+--------+
         Total |  12462 |  11934 |    528 |   4586 |   4112 |   9 | 1384.7 |
       Dungeon |  12443 |  11923 |    520 |   4586 |   4111 |   8 | 1555.4 |
        Temple |     18 |     10 |      8 |      0 |      1 |   1 |   18.0 |
               +--------+--------+--------+--------+--------+-----+--------+

Top non-repeatable levels by time:
     D:6: 2735 daAuts
     D:1: 1774 daAuts
     D:5: 1773 daAuts
     D:3: 1434 daAuts
     D:4: 1389 daAuts
     D:8: 1235 daAuts
     D:7: 1186 daAuts
     D:2: 914 daAuts
  Temple: 18 daAuts
